 Dungeon Sprint DCSS version 0.27-a0-216-g1fbed8a51c (webtiles) character file.

Game seed: 4166481422283042057

188 mhtbhm the Martial Artist (level 5, -3/58 HPs)
             Began as an Octopode Transmuter on Jan 31, 2021.
             Incinerated by a smoke demon (4 damage)
             ... with a sticky flame
             ... in the Dungeon (Sprint III: "The Ten Rune Challenge").
             The game lasted 00:00:49 (347 turns).

mhtbhm the Martial Artist (Octopode Transmuter)      Turns: 347, Time: 00:00:49

Health: -3/58      AC:  5    Str: 11    XL:     5   Next: 67%
Magic:  4/11       EV: 11    Int: 15    God:
Gold:   15         SH:  0    Dex: 12    Spells: 3/13 levels left

rFire    x . .     SeeInvis .     - Unarmed
rCold    + + +     Faith    .   (shield currently unavailable)
rNeg     . . .     Spirit   .   (helmet currently unavailable)
rPois    +         Reflect  .   (no amulet)
rElec    .         Harm     .   (no ring)
rCorr    .         Rampage  .   (no ring)
Will     .....     NoTele   +   (no ring)
Stlth    ..........             (no ring)
HPRegen  0.19/turn              (no ring)
MPRegen  0.12/turn              (no ring)
                                (no ring)
                                (no ring)

@: berserking, liquid flames, ice-form, wereblooded, glowing, very quick
A: large, almost no armour, stealthy swim, amphibious, 8 rings, (constrict 8)
a: End Transformation


You were in the Dungeon.
You were a creature of crystalline ice.
You visited 1 branch You collected 15 gold pieces.

Inventory:

Scrolls
 g - a scroll of blinking
 h - a scroll of holy word {unknown}
 i - 3 scrolls of identify
 j - 3 scrolls of remove curse
 k - a scroll of torment {unknown}
Potions
 a - 2 potions of degeneration {unknown}
 b - a potion of curing
 c - a potion of heal wounds
 d - a potion of haste
 e - 2 potions of magic
 l - a potion of attraction {unknown}
 m - 5 potions of mutation


   Skills:
 + Level 1.0 Fighting
 + Level 4.1 Dodging
 + Level 5.5 Stealth
 + Level 8.0 Unarmed Combat
 + Level 4.5 Spellcasting
 + Level 4.0 Transmutations
 + Level 0.7 Ice Magic
 + Level 1.8 Poison Magic


You had 3 spell levels left.
You knew the following spells:

 Your Spells              Type           Power        Failure   Level
a - Beastly Appendage     Tmut           30%          3%          1
b - Wereblood             Tmut           15%          4%          2
c - Spider Form           Tmut/Pois      6%           16%         3
d - Ice Form              Ice/Tmut       10%          54%         4

Your spell library contained the following spells:

 Spells                   Type           Power        Failure   Level
 Blade Hands              Tmut           7%           65%         5


Dungeon Overview and Level Annotations

Branches:
Dungeon (1/1)

Altars:
Kikubaaqudgha
Sif Muna
Vehumet


Innate Abilities, Weirdness & Mutations

You cannot wear most types of armour.
You are very stealthy in the water. (Stealth+)
You are amphibious.
You can wear up to eight rings at the same time.
((You can use your tentacles to constrict eight enemies at once.))
((Your skin changes colour to match your surroundings (Stealth+).))
((Your rubbery body absorbs attacks. (AC +1, EV +1)))
((One of your tentacles bears a spike.))
((You are partially covered in large bone plates. (SH +4)))


Message History

The smoke demon is severely wounded.
You are covered in liquid flames!
The smoke demon hits you.
The smoke demon hits you but does no damage.
The smoke demon hits you.
The kobold demonologist mumbles some strange words.
A red film seems to cover your vision as you go berserk!
You feel yourself moving faster!
You feel mighty!
You are covered in liquid flames!
* * * LOW HITPOINT WARNING * * *
The smoke demon gestures at you. Something smites you!
* * * LOW HITPOINT WARNING * * *
The white imp hits you.
* * * LOW HITPOINT WARNING * * *
The white imp freezes you. You resist.
You punch the white imp!
You kill the white imp!
You are covered in liquid flames!
You die...

.#......#####..#
##.......#..#..#
.##.##..[#..#..###+#+###
.##.###..##'#..#........
####.##..###...'.⌠......
##..##..####...#...####
....##..###....#.⌠.#
#..##...##.÷...#...#
..##....#......#Y###
.###..##.#.....#.35# .#
#.. ####....#5K5# ▓▓ ▓▓▓
▓▓▓▓▓▓▓▓▓▓


You could see a kobold demonologist, a smoke demon (summoned), a crimson imp
(summoned), a white imp (summoned) and a shadow imp (summoned).

Vanquished Creatures
  A water elemental (D)
  A scorpion (D)
  A wizard (D)
  Jessica (D)
  A human (D)
  An ooze (D)
  2 rats (D)
8 creatures vanquished.

Vanquished Creatures (others)
  4 plants (D)
4 creatures vanquished.

Grand Total: 12 creatures vanquished

Notes
Turn   | Place    | Note
-------+----------+-------------------------------------------
     0 | D        | mhtbhm the Octopode Transmuter began the quest for the Orb.
     0 | D        | Reached XP level 1. HP: 13/13 MP: 3/3
    25 | D        | Noticed Jessica
    32 | D        | Killed Jessica
    33 | D        | Reached skill level 5 in Unarmed Combat
    33 | D        | Reached XP level 2. HP: 18/18 MP: 3/6
    33 | D        | Reached XP level 3. HP: 23/23 MP: 3/7
    71 | D        | Learned a level 2 spell: Wereblood
    75 | D        | Learned a level 3 spell: Spider Form
    86 | D        | Noticed a scorpion
    90 | D        | Killed a scorpion
    91 | D        | Reached skill level 6 in Unarmed Combat
    91 | D        | Reached XP level 4. HP: 28/28 MP: 4/9
   117 | D        | Gained mutation: You are partially covered in large bone
                  | plates. (SH +4) [potion of mutation]
   117 | D        | Gained mutation: One of your tentacles bears a spike.
                  | [potion of mutation]
   147 | D        | Learned a level 4 spell: Ice Form
   330 | D        | Noticed a water elemental
   335 | D        | Killed a water elemental
   336 | D        | Reached skill level 5 in Stealth
   336 | D        | Reached skill level 7 in Unarmed Combat
   336 | D        | Reached skill level 1 in Poison Magic
   336 | D        | Reached XP level 5. HP: 33/33 MP: 3/11
   339 | D        | Found a radiant altar of Vehumet.
   339 | D        | Found a shimmering blue altar of Sif Muna.
   339 | D        | Found an ancient bone altar of Kikubaaqudgha.
   342 | D        | Reached skill level 8 in Unarmed Combat
   342 | D        | Noticed a smoke demon
   346 | D        | HP: 1/58 [white imp[a kobold demonologist] (3)]
   347 | D        | Incinerated by a smoke demon

Illustrated notes

Levels and vault maps discovered:
D:        dungeon_sprint_mu [sprint_mu_entry_cave, sprint_mu_temple_rooms,
          sprint_mu_d1_spiders, sprint_mu_d2_genie, sprint_mu_d3_branching,
          sprint_mu_orc_legion, sprint_mu_elf_gauntlet, sprint_mu_hive_nellie,
          sprint_mu_lair_fedhas, sprint_mu_vaults_butterflies,
          sprint_mu_slime_circle, sprint_mu_swamp_cave, sprint_mu_shoals_archi,
          sprint_mu_blade_basic, sprint_mu_crypt_lich, sprint_mu_tomb_spiral,
          sprint_mu_vestibule_basic, sprint_mu_gehenna_hellfire,
          sprint_mu_dis_giant, sprint_mu_tartarus_statrot,
          sprint_mu_cocytus_islands, sprint_mu_zot1]

Skill      XL: |  1  2  3  4  5 |
---------------+----------------+-----
Stealth        | 2 3 5 |  5.5
Unarmed Combat | 5 6 7 8 |  8.0
Spellcasting   | 3 4 |  4.5
Dodging        | 3 4 |  4.1
Transmutations | 3 4 |  4.0
Poison Magic   | 1 |  1.8
Fighting       | |  1.0
Ice Magic      | |  0.7

Action                   |  1- 3 |  4- 6 || total
-------------------------+-------+-------++-------
Melee: Unarmed           |     9 |    14 ||    23
       Tentacles         |     2 |       ||     2
       Punch             |     2 |       ||     2
       Constrict         |     1 |       ||     1
       Kick              |     1 |       ||     1
 Cast: Beastly Appendage |     1 |       ||     1
       Spider Form       |     1 |       ||     1
       Ice Form          |       |     1 ||     1
       Wereblood         |       |     1 ||     1
  Use: Potion            |       |     2 ||     2
 Stab: Sleeping          |     4 |       ||     4
Armor: Skin              |       |     1 ||     1
Dodge: Dodged            |     5 |     6 ||    11

Table legend: (Time is in decaauts)
 A = Elapsed time spent in this place.
 B = Non-inter-level travel time spent in this place.
 C = Inter-level travel time spent in this place.
 D = Time resting spent in this place.
 E = Time spent auto-exploring this place.
 F = Levels seen in this place.
 G = Mean time per level.
                   A        B        C        D        E       F      G
               +--------+--------+--------+--------+--------+-----+--------+
         Total |    344 |    344 |      0 |    234 |     17 |   1 |  344.0 |
       Dungeon |    344 |    344 |      0 |    234 |     17 |   1 |  344.0 |
               +--------+--------+--------+--------+--------+-----+--------+

Top non-repeatable levels by time:
       D: 344 daAuts
